 Dungeon Crawl Stone Soup version 0.31-a0-221-gbddc013574 (webtiles) character file.

Game seed: 15804621975383906779

55 qw the Shooter (level 3, 0/21 HPs)
             Began as a Gargoyle Hexslinger on July 4, 2023.
             Slain by a gnoll
             ... wielding a +0 halberd
              (7 damage)
             ... on level 3 of the Dungeon.
             The game lasted 00:00:31 (2009 turns).

qw the Shooter (Gargoyle Hexslinger)                Turns: 2009, Time: 00:00:32

Health: 0/21       AC:  7    Str: 11    XL:     3   Next: 93%
Magic:  4/4        EV: 11    Int: 13    God:
Gold:   107        SH:  0    Dex: 14    Spells: 3/4 levels left

rFire   . . .        Y - +1 sling
rCold   . . .        (no shield)
rNeg    + . .        f - +0 leather armour
rPois   inf          a - +0 helmet
rElec   +            (no cloak)
rCorr   .            (no gloves)
SInv    .            (no boots)
Will    .....        (no amulet)
Stlth   +            (no ring)
HPRegen 0.23/turn    (no ring)
MPRegen 0.09/turn

%: no passive effects
@: no status effects
A: sickness immunity, AC +3, negative energy resistance 1, electricity
resistance, torment resistance 1, petrification resistance
a: no special abilities


You were on level 3 of the Dungeon.
You visited 1 branch of the dungeon, and saw 3 of its levels.

You collected 107 gold pieces.


Innate Abilities, Weirdness & Mutations

You are immune to sickness and miasma.
Your stone body is resilient. (AC +3)
You are immune to poison.
You resist negative energy. (rN+)
You are resistant to electric shocks. (rElec)
You are resistant to unholy torment.
You are immune to petrification.


   Skills:
 - Level 2.0 Fighting
 + Level 3.7 Ranged Weapons
 - Level 1.5 Dodging
 - Level 1.0 Spellcasting
 - Level 2.6 Hexes


You had 3 spell levels left.
You knew the following spells:

 Your Spells              Type           Power      Damage    Failure   Level
a - Slow                  Hex            28%        N/A       12%         1

Your spell library contained the following spells:

 Spells                   Type           Power      Damage    Failure   Level
 Inner Flame              Hex/Fire       4%         N/A       54%         3
 Portal Projectile        Hex/Tloc       8%         N/A       54%         3
 Cause Fear               Hex            3%         N/A       77%         4

Inventory:

Hand Weapons
 Y - a +1 sling (weapon)
Armour
 a - a +0 helmet (worn)
 f - a +0 leather armour (worn)
Potions
 b - a potion of curing {unknown}
 c - a potion of ambrosia {unknown}
 d - a potion of invisibility {unknown}
 e - a potion of lignification {unknown}
 h - a potion of attraction {unknown}
 j - a potion of berserk rage {unknown}

Dungeon Overview and Level Annotations

Branches:
Dungeon (3/15)

Altars:


Message History

The sling bullet hits the worm but does no damage.
The worm is almost dead.
You shoot a sling bullet. The sling bullet hits the worm.
You kill the worm!
You start resting.
HP restored.
You see here a worm corpse.
A giant cockroach comes into view.
You shoot a sling bullet.
The sling bullet hits the giant cockroach.
You kill the giant cockroach! 2 gnolls come into view.
1999 ||| Stepping ~*~*~tactically~*~*~ (outnumbered).
2001 ||| Stepping ~*~*~tactically~*~*~ (outnumbered).
You shoot a sling bullet. The sling bullet hits the gnoll.
The gnoll shouts!
The gnoll is moderately wounded.
You hear a shout! x2
A gnoll comes into view. It is wielding a +0 club.
You shoot a sling bullet. The sling bullet hits the gnoll.
The gnoll is heavily wounded.
You shoot a sling bullet. The sling bullet hits the gnoll.
The gnoll is heavily wounded.
An iguana comes into view.
A gnoll comes into view. It is wielding a +0 halberd.
The gnoll closely misses you.
You shoot a sling bullet.
The sling bullet closely misses the gnoll.
The gnoll hits you from afar with a +0 spear.
The gnoll hits you with a +3 spear.
You shoot a sling bullet. The sling bullet hits the gnoll!
You kill the gnoll!
The gnoll closely misses you. x2; The gnoll hits you with a +0 halberd!
You shoot a sling bullet.
The sling bullet barely misses the gnoll.
The gnoll barely misses you.
You shoot a sling bullet. The sling bullet hits the gnoll.
The gnoll is heavily wounded.
The gnoll barely misses you. The gnoll hits you with a +0 halberd!
You die...

#### .......#
..%.... ......
....# #.# ..
#...# #.#
....#...# #.#
.....ggg#.#.#.#
#@#.#.#.#
#.#.#.#.#
#.#.#.#.#
#.#.#.#.######
#.#.#.#......#
#.#.#.#..###.#
#.....#..# #.#
#.###%###..#
#.#
#..........#
#.#


You could see 3 gnolls.

Vanquished Creatures
  A gnoll (D:3)
  A worm (D:3)
  A dart slug (D:3)
  5 ball pythons
  5 endoplasms
  3 giant cockroaches
  4 goblins
  3 hobgoblins
  2 jackals (D:2)
  A quokka (D:3)
  2 bats (D:1)
  A frilled lizard (D:1)
  4 kobolds (D:1)
  3 rats (D:2)
36 creatures vanquished.

Notes
Turn   | Place    | Note
-------+----------+-------------------------------------------
     0 | D:1      | qw the Gargoyle Hexslinger began the quest for the Orb.
     0 | D:1      | Reached XP level 1. HP: 12/12 MP: 2/2
     0 | D:1      | 0 ||| qw: Version: 0.3-a-41-g9d075ac
     0 | D:1      | 0 ||| qw: Game counter: 714
     0 | D:1      | 0 ||| qw: Melee chars always use a shield: true
     0 | D:1      | 0 ||| qw: God list: Okawaru
     0 | D:1      | 0 ||| qw: Allow faded altars: false
     0 | D:1      | 0 ||| qw: Do Orc after clearing Dungeon:15 true
     0 | D:1      | 0 ||| qw: Do second Lair branch before Depths: true
     0 | D:1      | 0 ||| qw: Lair rune preference: random
     0 | D:1      | 0 ||| qw: Goals: Normal
     0 | D:1      | 0 ||| PLANNING D:1-11
   193 | D:1      | Reached XP level 2. HP: 16/16 MP: 3/3
   301 | D:1      | Reached skill level 3 in Ranged Weapons
   788 | D:1      | 788 ||| UPGRADING to +0 leather armour.
   798 | D:1      | 798 ||| DROPPING +0 robe.
   799 | D:1      | 799 ||| READING 2 scrolls labelled TIEHUI DE FIBE.
   800 | D:1      | 800 ||| READING scroll labelled BILORA WIYTSIL.
   801 | D:1      | 801 ||| DROPPING scroll of fear.
   802 | D:1      | 802 ||| DROPPING scroll of poison.
   941 | D:2      | Reached XP level 3. HP: 20/21 MP: 4/4
  1108 | D:2      | 1108 ||| UPGRADING to +0 helmet.
  1113 | D:2      | 1113 ||| READING scroll labelled QIEGIS FUIC.
  1121 | D:2      | 1121 ||| STAIRDANCE
  1716 | D:2      | 1716 ||| DROPPING +6 ring of intelligence.
  1717 | D:2      | 1717 ||| DRINKING 2 metallic blue potions.
  1718 | D:2      | 1718 ||| DROPPING potion of brilliance.
  1999 | D:3      | 1999 ||| Stepping ~*~*~tactically~*~*~ (outnumbered).
  2001 | D:3      | 2001 ||| Stepping ~*~*~tactically~*~*~ (outnumbered).
  2009 | D:3      | Slain by a gnoll

Levels and vault maps discovered:
D:1:      spicycebolla_arrival_ecumenical, layout_basic, corexii_corridor_pit
D:2:      layout_basic, nicolae_houndstooth_variations
D:3:      layout_basic

Skill      XL: |  1  2 |
---------------+-------+-----
Ranged Weapons | 3 |  3.7
Fighting       | 2 |  2.0
Dodging        | |  1.5
Spellcasting   | |  1.0
Hexes          | |  2.6

Action                     || total
---------------------------++-------
   Fire: Sling             ||   118
    Use: Scroll            ||     3
         Potion            ||     1
 Armour: Robe              ||     7
         Leather armour    ||     8
  Dodge: Dodged            ||    30

Table legend:
 A = Non-vault XP
 B = Vault XP
 C = Vault XP percentage of total XP
 D = Non-vault monster count
 E = Vault monster count
 F = Vault count percentage of total count
                 A         B        C        D         E       F
            +---------+---------+-------+---------+---------+-------
      Total |      79 |       0 |   0.0 |      36 |       0 |   0.0
            +---------+---------+-------+---------+---------+-------
        D:1 |      28 |       0 |   0.0 |      17 |       0 |   0.0
        D:2 |      18 |       0 |   0.0 |      11 |       0 |   0.0
        D:3 |      33 |       0 |   0.0 |       8 |       0 |   0.0
            +---------+---------+-------+---------+---------+-------
